TOP OF THE 1ST |
Colorado Commanders batting - Pitching for Eau Claire Esquires : LHP Francisco Morales
|
Pitching: LHP Francisco Morales
|
|
Batting: SHB George Adams
|
0-0: SINGLE (Groundball, 6MD) (infield hit)
|
Batting: LHB John Nicholson
|
0-0: Ball 1-0: Called Strike 1-1: Swinging Strike 1-2: Ball 2-2: Strikes out swinging
|
Batting: LHB Rafael Delgado
|
0-0: Ball 1-0: Called Strike 1-1: Ball 2-1: Fly out, F8 (Flyball, 8RM)
|
Batting: RHB Emílio Bruno
|
0-0: Ball 1-0: Foul Ball, location: 2F 1-1: Ball 2-1: Foul Ball, location: 2F 2-2: Strikes out swinging
|
Top of the 1st over - 0 run(s), 1 hit(s), 0 error(s), 1 left on base; Colorado 0 - Eau Claire 0 |
BOTTOM OF THE 1ST |
Eau Claire Esquires batting - Pitching for Colorado Commanders : LHP Matt Parker
|
Pitching: LHP Matt Parker
|
|
Batting: RHB Tony Quinn
|
0-0: Ball 1-0: Called Strike 1-1: SINGLE (Line Drive, 78S)
|
Batting: RHB Carlos Rea
|
0-0: Ball 1-0: Ball 2-0: Called Strike 2-1: Ball Tony Quinn steals 2nd base 3-1: SINGLE (Groundball, 4D) Tony Quinn to third
|
Batting: SHB Víctor Serrano
|
0-0: Called Strike 0-1: Foul Ball, location: 2F 0-2: Foul Ball, location: 2F 0-2: SINGLE (Line Drive, 89S) Tony Quinn scores Carlos Rea to second
|
Batting: LHB Michael Cook
|
0-0: Foul Ball, location: 2F 0-1: Fly out, F8 (Flyball, 8RS)
|
Batting: RHB José Ruíz
|
0-0: Swinging Strike 0-1: Ball 1-1: Ground out 5-3 (Groundball, 56S) Carlos Rea to third Víctor Serrano to second
|
Batting: RHB Herb Bunch
|
0-0: Foul Ball, location: 2F 0-1: Foul Ball, location: 2F 0-2: Ball 1-2: Strikes out swinging
|
Bottom of the 1st over - 1 run(s), 3 hit(s), 0 error(s), 2 left on base; Colorado 0 - Eau Claire 1 |
TOP OF THE 2ND |
Colorado Commanders batting - Pitching for Eau Claire Esquires : LHP Francisco Morales
|
Batting: RHB Diego Francisco
|
0-0: SINGLE (Line Drive, 78S)
|
Batting: RHB Emiel van Rhee
|
0-0: Fly out, F7 (Flyball, 7LM)
|
Batting: RHB Tim Adkins
|
0-0: Ball 1-0: Called Strike 1-1: Called Strike 1-2: Strikes out swinging
|
Batting: RHB Xavier De La Cruz
|
0-0: Foul Ball, location: 2F 0-1: Foul Ball, location: 2F 0-2: Strikes out swinging
|
Top of the 2nd over - 0 run(s), 1 hit(s), 0 error(s), 1 left on base; Colorado 0 - Eau Claire 1 |
BOTTOM OF THE 2ND |
Eau Claire Esquires batting - Pitching for Colorado Commanders : LHP Matt Parker
|
Batting: LHB Jorge Fernández
|
0-0: Ball 1-0: Called Strike 1-1: Swinging Strike 1-2: Strikes out swinging
|
Batting: RHB Eric Fuller
|
0-0: Bunted foul 0-1: Ball 1-1: Ball 2-1: SOLO HOME RUN (Line Drive, 9D), Distance : 350 ft
|
Batting: SHB Tim Johnson
|
0-0: Ball 1-0: Ball 2-0: Ball 3-0: Base on Balls
|
Batting: RHB Tony Quinn
|
0-0: TRIPLE (Line Drive, 78M) Tim Johnson scores
|
Batting: RHB Carlos Rea
|
0-0: Fly out, F7 (Line Drive, 7S)
|
Batting: SHB Víctor Serrano
|
0-0: Called Strike 0-1: Ball 1-1: Ball 2-1: Ball Steal of home, Tony Quinn is safe 3-1: Foul Ball, location: 2F 3-2: Base on Balls
|
Batting: LHB Michael Cook
|
0-0: Swinging Strike 0-1: Foul Ball, location: 2F 0-2: Ball 1-2: SINGLE (Line Drive, 4D) Víctor Serrano to second
|
Batting: RHB José Ruíz
|
0-0: Called Strike 0-1: Ball 1-1: Called Strike 1-2: Ball 2-2: Ground out 1-3 (Groundball, 15)
|
Bottom of the 2nd over - 3 run(s), 3 hit(s), 0 error(s), 2 left on base; Colorado 0 - Eau Claire 4 |
TOP OF THE 3RD |
Colorado Commanders batting - Pitching for Eau Claire Esquires : LHP Francisco Morales
|
Batting: RHB Earnest Turner
|
0-0: Ball 1-0: Called Strike 1-1: Called Strike 1-2: Ball 2-2: Strikes out swinging
|
Batting: SHB George Adams
|
0-0: Ball 1-0: Called Strike 1-1: Ground out 6-3 (Groundball, 6)
|
Batting: LHB John Nicholson
|
0-0: Ball 1-0: Ball 2-0: Called Strike 2-1: Swinging Strike 2-2: Foul Ball, location: 2F 2-2: Foul Ball, location: 2F 2-2: Ground out 4-3 (Groundball, 4)
|
Top of the 3rd over - 0 run(s), 0 hit(s), 0 error(s), 0 left on base; Colorado 0 - Eau Claire 4 |
BOTTOM OF THE 3RD |
Eau Claire Esquires batting - Pitching for Colorado Commanders : LHP Matt Parker
|
Batting: RHB Herb Bunch
|
0-0: Ball 1-0: Foul Ball, location: 2F 1-1: SINGLE (Line Drive, 4M)
|
Batting: LHB Jorge Fernández
|
0-0: Ball 1-0: Fielders Choice at 2nd, 4-6 (Groundball, 34)
|
Batting: RHB Eric Fuller
|
0-0: Ball 1-0: Called Strike 1-1: Foul Ball, location: 2F 1-2: Ball 2-2: Strikes out swinging
|
Batting: SHB Tim Johnson
|
0-0: Ball 1-0: Ground out 4-3 (Groundball, 4)
|
Bottom of the 3rd over - 0 run(s), 1 hit(s), 0 error(s), 1 left on base; Colorado 0 - Eau Claire 4 |
TOP OF THE 4TH |
Colorado Commanders batting - Pitching for Eau Claire Esquires : LHP Francisco Morales
|
Batting: LHB Rafael Delgado
|
0-0: Ball 1-0: Swinging Strike 1-1: Ground out 4-3 (Groundball, 4)
|
Batting: RHB Emílio Bruno
|
0-0: Ball 1-0: Foul Ball, location: 2F 1-1: Called Strike 1-2: Ball 2-2: Ball 3-2: Foul Ball, location: 2F 3-2: Foul Ball, location: 2F 3-2: Strikes out looking
|
Batting: RHB Diego Francisco
|
0-0: Ball 1-0: Ball 2-0: Ball 3-0: Called Strike 3-1: Foul Ball, location: 2F 3-2: SINGLE (Line Drive, 56D)
|
Batting: RHB Emiel van Rhee
|
0-0: Ball 1-0: Ball 2-0: Called Strike 2-1: Ball 3-1: Base on Balls Diego Francisco to second
|
Batting: RHB Tim Adkins
|
0-0: Called Strike 0-1: Foul Ball, location: 2F 0-2: Foul Ball, location: 2F 0-2: Ball 1-2: Foul Ball, location: 2F 1-2: Ball 2-2: Fly out, F8 (Line Drive, 8RM)
|
Top of the 4th over - 0 run(s), 1 hit(s), 0 error(s), 2 left on base; Colorado 0 - Eau Claire 4 |
BOTTOM OF THE 4TH |
Eau Claire Esquires batting - Pitching for Colorado Commanders : LHP Matt Parker
|
Batting: RHB Tony Quinn
|
0-0: Called Strike 0-1: Ball 1-1: Ball 2-1: Ball 3-1: Called Strike 3-2: Strikes out swinging
|
Batting: RHB Carlos Rea
|
0-0: Ball 1-0: Ball 2-0: Called Strike 2-1: Ball 3-1: Base on Balls
|
Batting: SHB Víctor Serrano
|
0-0: SINGLE (Line Drive, 4D) Carlos Rea to second
|
Batting: LHB Michael Cook
|
0-0: Called Strike 0-1: Ball 1-1: Ball 2-1: Foul Ball, location: 2F 2-2: DOUBLE (Line Drive, 9LM) Carlos Rea scores Víctor Serrano to third
|
Batting: RHB José Ruíz
|
0-0: Foul Ball, location: 2F 0-1: Fly out, F8 (Flyball, 8LM) Runner from 3rd tags up, SCORES, throw made
|
Batting: RHB Herb Bunch
|
0-0: Fly out, F9 (Flyball, 89M)
|
Bottom of the 4th over - 2 run(s), 2 hit(s), 0 error(s), 1 left on base; Colorado 0 - Eau Claire 6 |
TOP OF THE 5TH |
Colorado Commanders batting - Pitching for Eau Claire Esquires : LHP Francisco Morales
|
Batting: RHB Xavier De La Cruz
|
0-0: Called Strike 0-1: Ball 1-1: Ball 2-1: Ball 3-1: Swinging Strike 3-2: Strikes out swinging
|
Batting: RHB Earnest Turner
|
0-0: Foul Ball, location: 2F 0-1: Swinging Strike 0-2: Ball 1-2: Strikes out swinging
|
Batting: SHB George Adams
|
0-0: Ball 1-0: Ball 2-0: Swinging Strike 2-1: Foul Ball, location: 2F 2-2: Ball 3-2: Strikes out swinging
|
Top of the 5th over - 0 run(s), 0 hit(s), 0 error(s), 0 left on base; Colorado 0 - Eau Claire 6 |
BOTTOM OF THE 5TH |
Eau Claire Esquires batting - Pitching for Colorado Commanders : LHP Matt Parker
|
Batting: LHB Jorge Fernández
|
0-0: Ball 1-0: Called Strike 1-1: Foul Ball, location: 2F 1-2: Strikes out swinging
|
Pitching: RHP Christian Camden
|
|
Batting: RHB Eric Fuller
|
0-0: Called Strike 0-1: Ball 1-1: Ball 2-1: Ball 3-1: SINGLE (Groundball, 13) (infield hit)
|
Pinch Runner at 1st Seiji Kouno:
|
|
Batting: SHB Tim Johnson
|
0-0: Ball 1-0: Ball 2-0: Fly out, F7 (Flyball, 78M)
|
Batting: RHB Tony Quinn
|
0-0: Called Strike 0-1: Called Strike 0-2: Hit by Pitch Seiji Kouno to second
|
Batting: RHB Carlos Rea
|
0-0: Fly out, F4 (Popup, 4M)
|
Bottom of the 5th over - 0 run(s), 1 hit(s), 0 error(s), 2 left on base; Colorado 0 - Eau Claire 6 |
TOP OF THE 6TH |
Colorado Commanders batting - Pitching for Eau Claire Esquires : LHP Francisco Morales
|
Now at 1B: Seiji Kouno
|
|
Batting: LHB John Nicholson
|
0-0: Fly out, F7 (Popup, 78S)
|
Pitching: RHP Francisco Anaya
|
|
Batting: LHB Rafael Delgado
|
0-0: Called Strike 0-1: Ball 1-1: Foul Ball, location: 2F 1-2: Foul Ball, location: 2F 1-2: Ball 2-2: Ball 3-2: Base on Balls
|
Batting: RHB Emílio Bruno
|
0-0: SINGLE (Groundball, 34) Rafael Delgado to second Runner from 2nd tries for 3rd, OUT! Emílio Bruno to second
|
Batting: RHB Diego Francisco
|
0-0: Ball 1-0: Called Strike 1-1: Foul Ball, location: 2F 1-2: Ball 2-2: Ball 3-2: Base on Balls
|
Batting: RHB Emiel van Rhee
|
0-0: Foul Ball, location: 2F 0-1: Called Strike 0-2: Foul Ball, location: 2F 0-2: Strikes out swinging
|
Top of the 6th over - 0 run(s), 1 hit(s), 0 error(s), 2 left on base; Colorado 0 - Eau Claire 6 |
BOTTOM OF THE 6TH |
Eau Claire Esquires batting - Pitching for Colorado Commanders : RHP Christian Camden
|
Batting: SHB Víctor Serrano
|
0-0: Ball 1-0: Swinging Strike 1-1: Fly out, F9 (Line Drive, 9M)
|
Batting: LHB Michael Cook
|
0-0: Called Strike 0-1: Foul Ball, location: 2F 0-2: Ball 1-2: Hit by Pitch
|
Batting: RHB José Ruíz
|
0-0: Ball 1-0: Called Strike Michael Cook is caught stealing 2nd base 1-1: Foul Ball, location: 2F 1-2: Foul Ball, location: 2F 1-2: Ball 2-2: Strikes out swinging, 2-3 out at first.
|
Bottom of the 6th over - 0 run(s), 0 hit(s), 0 error(s), 0 left on base; Colorado 0 - Eau Claire 6 |
TOP OF THE 7TH |
Colorado Commanders batting - Pitching for Eau Claire Esquires : RHP Francisco Anaya
|
Batting: RHB Tim Adkins
|
0-0: Ground out 4-3 (Groundball, 4)
|
Batting: RHB Xavier De La Cruz
|
0-0: Ball 1-0: Ball 2-0: Ball 3-0: Base on Balls
|
Batting: RHB Earnest Turner
|
0-0: SINGLE (Line Drive, 6D) Xavier De La Cruz to second
|
Batting: SHB George Adams
|
Pickoff Throw to Second - Out! 0-0: Ball 1-0: Ball 2-0: Ball 3-0: Called Strike 3-1: Fly out, F8 (Line Drive, 8LM)
|
Top of the 7th over - 0 run(s), 1 hit(s), 0 error(s), 1 left on base; Colorado 0 - Eau Claire 6 |
BOTTOM OF THE 7TH |
Eau Claire Esquires batting - Pitching for Colorado Commanders : RHP Christian Camden
|
Batting: RHB Herb Bunch
|
0-0: Foul Ball, location: 2F 0-1: Foul Ball, location: 2F 0-2: Strikes out swinging
|
Pitching: RHP Tony Henderson
|
|
Batting: LHB Jorge Fernández
|
0-0: Ball 1-0: Ball 2-0: Foul Ball, location: 2F 2-1: Called Strike 2-2: Strikes out swinging
|
Batting: RHB Seiji Kouno
|
0-0: Fly out, F8 (Flyball, 8RXD)
|
Bottom of the 7th over - 0 run(s), 0 hit(s), 0 error(s), 0 left on base; Colorado 0 - Eau Claire 6 |
TOP OF THE 8TH |
Colorado Commanders batting - Pitching for Eau Claire Esquires : RHP Francisco Anaya
|
Batting: LHB John Nicholson
|
0-0: Ball 1-0: Called Strike 1-1: Foul Ball, location: 2F 1-2: Strikes out swinging
|
Pitching: RHP Jason Elliott
|
|
Batting: LHB Rafael Delgado
|
0-0: Ball 1-0: Called Strike 1-1: Called Strike 1-2: Strikes out swinging
|
Batting: RHB Emílio Bruno
|
0-0: Foul Ball, location: 2F 0-1: Ball 1-1: Foul Ball, location: 2F 1-2: Ball 2-2: Strikes out looking
|
Top of the 8th over - 0 run(s), 0 hit(s), 0 error(s), 0 left on base; Colorado 0 - Eau Claire 6 |
BOTTOM OF THE 8TH |
Eau Claire Esquires batting - Pitching for Colorado Commanders : RHP Tony Henderson
|
Batting: SHB Tim Johnson
|
0-0: Fly out, F8 (Flyball, 8LM)
|
Batting: RHB Tony Quinn
|
0-0: Ball 1-0: Ball 2-0: Called Strike 2-1: Swinging Strike 2-2: Strikes out swinging
|
Batting: RHB Carlos Rea
|
0-0: Called Strike 0-1: Swinging Strike 0-2: Ball 1-2: Ball 2-2: Strikes out swinging
|
Bottom of the 8th over - 0 run(s), 0 hit(s), 0 error(s), 0 left on base; Colorado 0 - Eau Claire 6 |
TOP OF THE 9TH |
Colorado Commanders batting - Pitching for Eau Claire Esquires : RHP Jason Elliott
|
Batting: RHB Diego Francisco
|
0-0: Ball 1-0: Foul Ball, location: 2F 1-1: Ball 2-1: Fly out, F7 (Flyball, 7S)
|
Batting: RHB Emiel van Rhee
|
0-0: Foul Ball, location: 2F 0-1: SINGLE (Groundball, 56D)
|
Batting: RHB Tim Adkins
|
0-0: Ball 1-0: Grounds into double play, 4-6-3 (Groundball, 34)
|
Top of the 9th over - 0 run(s), 1 hit(s), 0 error(s), 0 left on base; Colorado 0 - Eau Claire 6 |
|